 Dungeon Crawl Stone Soup version 0.30.0-10-gfe55d96785 (webtiles) character file.

Game seed: 14204007302236620099

450 Jackthecabe the Slasher (level 7, -2/50 HPs)
             Began as a Djinni Fighter on May 16, 2023.
             Was an Initiate of Ashenzari.
             Slain by an ice beast (10 damage)
             ... on level 4 of the Dungeon.
             The game lasted 00:05:39 (3430 turns).

Jackthecabe the Slasher (Djinni Fighter)            Turns: 3430, Time: 00:05:39

Health: -2/50      AC: 11    Str: 15    XL:     7   Next: 25%
Gold:   150        EV:  8    Int: 11    God:    Ashenzari [......] SH:  4 Dex: 13

rFire   + + .        i - +4 sling (flame)
rCold   x . .        c - +0 buckler
rNeg    . . .        b - +0 scale mail
rPois   ∞            m - +2 helmet
rElec   .            (no cloak)
rCorr   .            q - +0 pair of gloves
SInv    .            (boots unavailable)
Will    .....        (no amulet) Stlth
                     Y - +4 ring of slaying
HPRegen 0.28/turn    (no ring)
MPRegen 0.00/turn

%: infuse magic (-3 HP)
@: flying
A: sickness immunity, fire resistance 2, cold vulnerability 1, float, innate
caster, HP casting, extra vitality 1
a: Renounce Religion


You were on level 4 of the Dungeon.
You worshipped Ashenzari.
Ashenzari was noncommittal.
You visited 2 branches of the dungeon, and saw 5 of its levels.

You collected 150 gold pieces.


Innate Abilities, Weirdness & Mutations

You are immune to sickness and miasma.
You are immune to poison.
Your flesh is very heat resistant. (rF++)
You are vulnerable to cold. (rC-)
You float through the air rather than walking.
You learn spells naturally, not from books.
Your magical power is your life essence.
You have superior vitality. (+4 MHP)


   Skills:
 - Level 3.0 Fighting
 - Level 6.0 Long Blades
 - Level 3.0 Armour
 - Level 3.0 Shields
 + Level 2.2 Spellcasting


You knew the following spells:

 Your Spells              Type           Power      Damage    Failure   Level
b - Beastly Appendage     Tmut           12%        N/A       50%         1
c - Call Imp              Summ           12%        N/A       65%         2
i - Swiftness             Air            6%         N/A       86%         3
Your spell library was empty.

Inventory:

Hand Weapons
 a - a +0 long sword
 i - a +4 sling of flaming (weapon)
 u - a +2 dagger of speed
Missiles
 n - 3 poisoned darts
Armour
 b - a +0 scale mail (worn)
 c - a +0 buckler (worn)
 m - a +2 helmet (worn)
 q - a +0 pair of gloves (worn)
Magical Staves
 y - a staff of conjuration {!a}
Jewellery
 Y - a +4 ring of slaying (left hand)
Scrolls
 e - a scroll of torment {unknown}
 g - 2 scrolls of teleportation {unknown}
 j - a scroll of enchant armour {unknown}
 l - a scroll of magic mapping {unknown}
 o - 2 scrolls of blinking {unknown}
 p - 3 scrolls of identify {unknown}
 w - a scroll of immolation {unknown}
 z - a scroll of vulnerability {unknown}
Potions
 d - a potion of might
 f - 2 potions of mutation {unknown}
 h - a potion of curing {unknown}
 k - 2 potions of brilliance {unknown}
 r - a potion of haste {unknown}
 s - a potion of heal wounds {unknown}
 t - a potion of invisibility {unknown}
 v - 2 potions of degeneration {unknown}
 x - a potion of cancellation {unknown}

Dungeon Overview and Level Annotations

Branches:
Dungeon (4/15)             Temple (1/1) D:4

Altars:
Ashenzari
Cheibriados
Elyvilon
Fedhas
Gozag
Hepliaklqana
Makhleb
Qazlal
Ru
Trog
Xom
Yredelemnul

....###.###... ..?.
#.# ##)#.... ... #
#...... ...##
#...... ...#
#....... #..#
#......). ..#
##....... #Y#
#....... #@#
##...... #.##
##..... #..## ##.##.
#...##### ## ##
#.......####### #
▒▒▒.###.........####
▒▒⚑▒▒#
#####......... ▒...▒
#####.)... ▒▒▒▒'▒▒▒▒
####..


You could see an ice beast.


Message History

You shoot a sling bullet.
The sling bullet barely misses the ice beast.
The ice beast hits you but does no damage.
You shoot a sling bullet.
The sling bullet barely misses the ice beast.
The ice beast hits you but does no damage.
The ice beast hits you. The ice beast freezes you!
You feel a terrible chill!
* * * LOW HITPOINT WARNING * * *
You are too injured to fight recklessly!
You are too injured to fight recklessly!
Fire: i) +4 sling (flame)
Press: ? - help, Shift-Dir - straight line, f/p - ice beast
Aim: an ice beast (severely wounded, 65% to hit)
You shoot a sling bullet.
The sling bullet closely misses the ice beast.
The ice beast hits you.
* * * LOW HITPOINT WARNING * * *
The ice beast freezes you!
You feel a terrible chill!
* * * LOW HITPOINT WARNING * * *
You block the ice beast's attack.
Fire: i) +4 sling (flame)
Press: ? - help, Shift-Dir - straight line, f/p - ice beast
Aim: an ice beast (severely wounded, 65% to hit)
You shoot a sling bullet. The sling bullet hits the ice beast.
The sling bullet melts the ice beast.
The ice beast is almost dead.
The ice beast hits you.
* * * LOW HITPOINT WARNING * * *
The ice beast freezes you!
You feel a terrible chill!
You die...

Skill      XL: |  1  2  3  4  5  6 |
---------------+-------------------+-----
Long Blades    | 2 3 5 6 |  6.0
Spellcasting   | 2 |  2.2
Fighting       | |  3.0
Armour         | |  3.0
Shields        | |  3.0

Action                     |  1- 3 |  4- 6 |  7- 9 || total
---------------------------+-------+-------+-------++-------
  Melee: Long sword        |    51 |     2 |       ||    53
   Fire: Sling             |    19 |    97 |    23 ||   139
 Armour: Scale mail        |    24 |    21 |     7 ||    52
  Dodge: Dodged            |    26 |    14 |     1 ||    41
  Block: Buckler           |    14 |     6 |     4 ||    24

Levels and vault maps discovered:
D:1:      dpeg_arrival_water_temple_mockup, layout_basic, serial_bayou,
          serial_bayou_shore_b, serial_bayou_lagoon_a, serial_bayou_lagoon_b,
          serial_bayou_pond_d
D:2:      layout_basic, dilly_ecumenical_altar_fadedgnrine, uniq_sigmund
D:3:      layout_loops_cross, nicolae_overflow_ecumenical_swirl
D:4:      layout_cave_pods, grunt_temple_overflow_diamond,
          minmay_temple_entry_drinking_statues, serial_shops,
          nicolae_shop_peninsula
Temple:   chequers_temple_sunken

Notes
Turn   | Place    | Note
-------+----------+-------------------------------------------
     0 | D:1      | Jackthecabe the Djinni Fighter began the quest for the Orb.
     0 | D:1      | Reached XP level 1. HP: 20/20 MP: 0/0
    48 | D:1      | Reached skill level 2 in Long Blades
   128 | D:1      | Reached XP level 2. HP: 24/25 MP: 0/0
   444 | D:1      | Reached XP level 3. HP: 30/30 MP: 0/0
   444 | D:1      | Learned a level 1 spell: Beastly Appendage
   652 | D:2      | Reached skill level 3 in Long Blades
   946 | D:2      | Found a faded altar of an unknown god.
  1104 | D:2      | Reached XP level 4. HP: 35/35 MP: 0/0
  1107 | D:2      | Noticed Sigmund
  1407 | D:2      | Killed Sigmund
  1408 | D:2      | Reached skill level 5 in Long Blades
  1408 | D:2      | Reached XP level 5. HP: 34/40 MP: 0/0
  1408 | D:2      | Learned a level 2 spell: Call Imp
  1408 | D:2      | Reached XP level 6. HP: 39/46 MP: 0/0
  2364 | D:3      | Found a faded altar of an unknown god.
  2369 | D:3      | Found a basalt altar of Yredelemnul.
  2539 | D:3      | Reached skill level 6 in Long Blades
  2539 | D:3      | Reached skill level 1 in Spellcasting
  2670 | D:4      | Found a staircase to the Ecumenical Temple.
  2690 | Temple   | Entered the Ecumenical Temple
  2718 | Temple   | Became a worshipper of Ashenzari the Shackled
  3081 | D:4      | Noticed an ogre
  3090 | D:4      | Killed an ogre
  3091 | D:4      | Reached skill level 2 in Spellcasting
  3091 | D:4      | Reached XP level 7. HP: 16/50 MP: 0/0
  3091 | D:4      | Learned a level 3 spell: Swiftness
  3345 | D:4      | Found a stormy altar of Qazlal.
  3350 | D:4      | Found an opulent altar of Gozag.
  3430 | D:4      | Slain by an ice beast

Vanquished Creatures
  Sigmund (D:2)
  An ogre (D:4)
  An iguana (D:3)
  7 gnolls
  3 adders (D:2)
  A worm (D:3)
  3 dart slugs
  8 orcs
  5 ball pythons
  A bat (D:1)
  7 endoplasms
  2 giant cockroaches
  9 goblins
  6 hobgoblins
  2 jackals (D:1)
  A quokka (D:4)
  2 frilled lizards (D:2)
  7 kobolds
  5 rats
72 creatures vanquished.

Table legend: (Time is in decaauts)
 A = Elapsed time spent in this place.
 B = Non-inter-level travel time spent in this place.
 C = Inter-level travel time spent in this place.
 D = Time resting spent in this place.
 E = Time spent auto-exploring this place.
 F = Levels seen in this place.
 G = Mean time per level.
                   A        B        C        D        E       F      G
               +--------+--------+--------+--------+--------+-----+--------+
         Total |   3533 |   3148 |    385 |     85 |   2302 |   5 |  706.6 |
       Dungeon |   3203 |   2856 |    347 |     85 |   2164 |   4 |  800.8 |
        Temple |    329 |    291 |     38 |      0 |    138 |   1 |  329.0 |
               +--------+--------+--------+--------+--------+-----+--------+

Top non-repeatable levels by time:
     D:2: 1099 daAuts
     D:1: 909 daAuts
     D:3: 736 daAuts
     D:4: 457 daAuts
  Temple: 329 daAuts

Table legend:
 A = Non-vault XP
 B = Vault XP
 C = Vault XP percentage of total XP
 D = Non-vault monster count
 E = Vault monster count
 F = Vault count percentage of total count
                 A         B        C        D         E       F
            +---------+---------+-------+---------+---------+-------
      Total |     413 |     231 |  35.9 |      71 |       1 |   1.4
            +---------+---------+-------+---------+---------+-------
        D:1 |      29 |       0 |   0.0 |      16 |       0 |   0.0
        D:2 |     106 |     231 |  68.5 |      21 |       1 |   4.5
        D:3 |     131 |       0 |   0.0 |      21 |       0 |   0.0
        D:4 |     147 |       0 |   0.0 |      13 |       0 |   0.0
            +---------+---------+-------+---------+---------+-------
